 Dungeon Crawl Stone Soup version 0.26.1-11-gd32895ea62 (webtiles) character file.

Game seed: 5970772214009053319

7 phalm the Conjurer (level 1, -9/14 HPs)
             Began as a Demonspawn Conjurer on June 24, 2021.
             Engulfed by a cloud of flame (18 damage)
             ... on level 1 of the Dungeon.
             The game lasted 00:00:47 (177 turns).

phalm the Conjurer (Demonspawn Conjurer)             Turns: 177, Time: 00:00:47

Health: -9/14      AC:  2    Str:  7    XL:     1   Next: 83%
Magic:  1/3        EV: 12    Int: 19    God:
Gold:   6          SH:  0    Dex: 11    Spells: 3/4 levels left

rFire    . . .     SeeInvis .   b - +0 short sword
rCold    . . .     Faith    .   (no shield)
rNeg     . . .     Spirit   .   a - +0 robe
rPois    .         Reflect  .   (no helmet)
rElec    .         Harm     .   (no cloak)
rCorr    .         Rampage  .   (no gloves)
Will     .....                  (no boots)
Stlth    ++........             (no amulet)
HPRegen  0.04/turn              (no ring)
MPRegen  0.08/turn              (no ring)

@: no status effects
A: no striking features
a: no special abilities


You were on level 1 of the Dungeon.
You visited 1 branch of the dungeon, and saw 1 of its levels.

You collected 6 gold pieces.


   Skills:
 + Level 0.5 Fighting
 - Level 1.7 Dodging
 - Level 1.7 Stealth
 + Level 2.1 Spellcasting
 * Level 4.2 Conjurations


You had 3 spell levels left.
You knew the following spells:

 Your Spells              Type           Power        Failure   Level
m - Magic Dart            Conj           68%          3%          1

Your spell library contained the following spells:

 Spells                   Type           Power        Failure   Level
 Searing Ray              Conj           34%          4%          2
 Dazzling Flash           Conj/Hex       18%          22%         3
 Fulminant Prism          Conj/Hex       4%           56%         4
 Iskenderun's Mystic Bla  Conj/Tloc      9%           56%         4

Inventory:

Hand Weapons
 b - a +0 short sword (weapon)
   (You took it off a kobold on level 1 of the Dungeon)
Armour
 a - a +0 robe (worn)

Dungeon Overview and Level Annotations

Branches:
Dungeon (1/15)

Altars:

#....<....# #.#.........#
..#.........# l..
#.#..#...#..# K...
#.#.........# ..... ##
#.#.........### ....
...####.#..#...#..#.##..###
#......#..○○§§§..#........
#..†....@☼§§§...........
....#..#.(#.8§#..#g.......
. ###..#....B....#.....###
#....####+#g####.#.#...#
#.##..†.+ #.g.'....# #..
#.##.)### #.###....# .
#.##..S# #.# ......#
#...................#
#......#..S...........#


You could see a giant cockroach and 2 hobgoblins.


Message History

You kill the kobold! 😎 HP[+1] MP[-1]
You now have 14 max hp (+1).
Your hp is fully restored (14).
You lost 1 mp, and now have 2/3 mp.
There is an open door here.
Things that are here:
a +0 short sword; a kobold corpse
b - a +0 short sword
b - a +0 short sword (weapon)
A frilled lizard is nearby!
Casting: Magic Dart (safe; 3% risk of failure)
Confirm with . or Enter, or press ? or * to list all spells.
Aiming: Magic Dart (safe; 3% risk of failure)
Press: ? - help, Shift-Dir - straight line, f - frilled lizard
Aim: a frilled lizard (0% to evade)
The magic dart hits the frilled lizard.
You kill the frilled lizard! 😎 MP[-1]
You lost 1 mp, and now have 1/3 mp.
Casting: Magic Dart (safe; 3% risk of failure)
Confirm with . or Enter, or press ? or * to list all spells.
You can't see any susceptible monsters within range! (Use Z to cast anyway.)
A hobgoblin comes into view. It is wielding a +0 club.
Casting: Magic Dart (safe; 3% risk of failure)
Confirm with . or Enter, or press ? or * to list all spells.
Aiming: Magic Dart (safe; 3% risk of failure)
Press: ? - help, Shift-Dir - straight line, f - hobgoblin
Aim: a hobgoblin, wielding a +0 club (0% to evade)
The magic dart hits the hobgoblin.
The hobgoblin hits you with a +0 club. 😕 HP[-2] MP[-1]
You take 2 damage, and now have 12/14 hp.
You lost 1 mp, and now have 0/3 mp.
Casting: Magic Dart (safe; 3% risk of failure)
Confirm with . or Enter, or press ? or * to list all spells.
You don't have enough magic to cast that spell.
Casting: Magic Dart (safe; 3% risk of failure)
Confirm with . or Enter, or press ? or * to list all spells.
You don't have enough magic to cast that spell.
You hit the hobgoblin.
You kill the hobgoblin! 😕 MP[+1]
A ball python and a hobgoblin come into view.
The hobgoblin shouts!
You hear a shout!
A hobgoblin comes into view. It is wielding a +0 club.
You see here a +0 club.
There are monsters nearby!
There is an open door here.
You see here a kobold corpse. 😕 HP[+1] Really walk into a travel-excluded area? 😕 MP[+1] Really walk into a travel-excluded area?
Casting: Magic Dart (safe; 3% risk of failure)
Confirm with . or Enter, or press ? or * to list all spells.
You don't know that spell.
Casting: Magic Dart (safe; 3% risk of failure)
Confirm with . or Enter, or press ? or * to list all spells.
Aiming: Magic Dart (safe; 3% risk of failure)
Press: ? - help, Shift-Dir - straight line, f - hobgoblin
Aim: a hobgoblin, wielding a +0 club (0% to evade)
The magic dart hits the hobgoblin but does no damage. 😕 MP[-1]
You lost 1 mp, and now have 1/3 mp.
Casting: Magic Dart (safe; 3% risk of failure)
Confirm with . or Enter, or press ? or * to list all spells.
Aiming: Magic Dart (safe; 3% risk of failure)
Press: ? - help, Shift-Dir - straight line, f/p - hobgoblin
Aim: a hobgoblin, wielding a +0 club (0% to evade)
The magic dart hits the hobgoblin but does no damage.
The ball python is engulfed in blazing flames.
The ball python dies! 😕 MP[-1]
You lost 1 mp, and now have 0/3 mp.
You hit the hobgoblin but do no damage.
The hobgoblin hits you with a +0 club. 😮 HP[-3]
You take 3 damage, and now have 10/14 hp.
MASSIVE DAMAGE!! (PAUSE)
You hit the hobgoblin.
The hobgoblin hits you but does no damage.
You hit the hobgoblin but do no damage.
The hobgoblin hits you but does no damage.
A leopard gecko comes into view.
A giant cockroach and a kobold come into view. 😮 MP[+1]
The giant cockroach barely misses you.
There is an open door here.
You open the door. The giant cockroach barely misses you.
The giant cockroach bites you.
There is an open door here. 😮 HP[-1]
You take 1 damage, and now have 9/14 hp.
You open the door. The giant cockroach bites you. 😮 HP[-1]
You take 1 damage, and now have 8/14 hp.
There is an open door here. 😮 HP[+1] Really walk into a travel-excluded area?
You are engulfed in blazing flames.
Ouch! That really hurt!
You die...

Action                   || total
-------------------------++-------
Melee: Short sword       ||     4
 Cast: Magic Dart        ||    13
Armor: Robe              ||     3
Dodge: Dodged            ||     2

Levels and vault maps discovered:
D:1:      shiori_arrival_oz, layout_rooms

Notes
Turn   | Place    | Note
-------+----------+-------------------------------------------
     0 | D:1      | phalm the Demonspawn Conjurer began the quest for the Orb.
     0 | D:1      | Reached XP level 1. HP: 13/13 MP: 3/3
     0 | D:1      | magus.rc [v1.9.10]
   177 | D:1      | Engulfed by a cloud of flame

Vanquished Creatures
  2 hobgoblins (D:1)
  A kobold (D:1)
  A bat (D:1)
  A frilled lizard (D:1)
  2 rats (D:1)
7 creatures vanquished.

Vanquished Creatures (others)
  A ball python (D:1)
1 creature vanquished.

Grand Total: 8 creatures vanquished

Table legend:
 A = Non-vault XP
 B = Vault XP
 C = Vault XP percentage of total XP
 D = Non-vault monster count
 E = Vault monster count
 F = Vault count percentage of total count
                 A         B        C        D         E       F
            +---------+---------+-------+---------+---------+-------
      Total |       8 |       2 |  20.0 |       6 |       1 |  14.3
            +---------+---------+-------+---------+---------+-------
        D:1 |       8 |       2 |  20.0 |       6 |       1 |  14.3
            +---------+---------+-------+---------+---------+-------

Illustrated notes

Table legend:
 A = Kills in this place as a percentage of kills in entire the game.
 B = Kills by you in this place as a percentage of kills by you in the entire game.
 C = Kills by friends in this place as a percentage of kills by friends in the entire game.
 D = Other kills in this place as a percentage of other kills in the entire game.
 E = Experience gained in this place as a percentage of experience gained in the entire game.
 F = Experience gained in this place divided by the number of levels of this place that you have seen.
                   A       B       C       D       E      F
               +-------+-------+-------+-------+-------+----------------------
         Total | 100.0 | 100.0 |   N/A |   N/A | 100.0 |  10.0
       Dungeon | 100.0 | 100.0 |   N/A |   N/A | 100.0 |  10.0
               +-------+-------+-------+-------+-------+----------------------

Table legend: (Time is in decaauts)
 A = Elapsed time spent in this place.
 B = Non-inter-level travel time spent in this place.
 C = Inter-level travel time spent in this place.
 D = Time resting spent in this place.
 E = Time spent auto-exploring this place.
 F = Levels seen in this place.
 G = Mean time per level.
                   A        B        C        D        E       F      G
               +--------+--------+--------+--------+--------+-----+--------+
         Total |    176 |    176 |      0 |      0 |    122 |   1 |  176.0 |
       Dungeon |    176 |    176 |      0 |      0 |    122 |   1 |  176.0 |
               +--------+--------+--------+--------+--------+-----+--------+

Top non-repeatable levels by time:
     D:1: 176 daAuts
